 Dungeon Crawl Stone Soup version 0.20-a0-81-g6e69d53 (webtiles) character file.

1229 sveltemanboy the Quickloader (level 8, 0/61 HPs)
             Began as a Centaur Hunter on Nov 20, 2016.
             Was a Follower of Okawaru.
             Killed from afar by KristoblXynda's ghost (20 damage)
             ... with a bolt of negative energy
             ... on level 5 of the Dungeon.
             The game lasted 00:13:12 (4319 turns).

sveltemanboy the Quickloader (Centaur Hunter)       Turns: 4319, Time: 00:13:12

Health: 0/61       AC:  7    Str: 17    XL:     8   Next: 24%
Magic:  11/11      EV: 13    Int: 10    God:    Okawaru [*.....]
Gold:   260        SH:  0    Dex: 10    Spells: 0 memorised, 7 levels left

rFire  x . .     SeeInvis .     b - +2 spear (venom)
rCold  + . .     Gourm    .     e - +1 ring mail
rNeg   . . .     Faith    +     (no shield)
rPois  .         Spirit   .     (no helmet)
rElec  .         Reflect  .     D - +0 cloak (curse)
rCorr  .         Harm     .     (no gloves)
MR     .....                    (no barding)
Stlth  ..........               y - amulet of faith
                                E - +5 ring of evasion
                                h - ring of ice

@: heavily drained, very quick
A: hooves 3, deformed body, speed 2, tough skin 3
a: Heroism, Renounce Religion


You were on level 5 of the Dungeon.
You worshipped Okawaru.
Okawaru was aware of your devotion.
You were very hungry.

You visited 2 branches of the dungeon, and saw 6 of its levels.

You collected 260 gold pieces.

Inventory:

Hand Weapons
 a - a +1 hand crossbow
 b - a +2 spear of venom (weapon)
Missiles
 d - 9 bolts
Armour
 e - a +1 ring mail (worn)
 D - a cursed +0 cloak (worn)
Jewellery
 h - a ring of ice (left hand)
 j - an uncursed amulet of regeneration
 y - an amulet of faith (around neck)
 E - a +5 ring of evasion (right hand)
Scrolls
 g - 2 scrolls of enchant armour
 n - a scroll of noise {unknown}
 p - 3 scrolls of remove curse
 q - 4 scrolls of amnesia {unknown}
 t - a scroll of fog {unknown}
 u - a scroll of immolation {unknown}
 B - 3 scrolls of teleportation {unknown}
Potions
 c - a potion of resistance {unknown}
 k - a potion of lignification {unknown}
 l - 2 potions of flight {unknown}
 r - a potion of ambrosia {unknown}
 v - 2 potions of curing {unknown}
 w - a potion of might {unknown}
 x - a potion of heal wounds
 A - 2 potions of magic {unknown}
 C - a potion of agility {unknown}
Comestibles
 f - 3 bread rations
 i - a slice of pizza
 m - a beef jerky
 o - a meat ration
 s - a royal jelly
 z - 5 fruits


   Skills:
 - Level 2.0(0.3) Fighting
 + Level 1.4(0.0) Polearms
 * Level 9.4(7.3) Crossbows
 - Level 2.0(0.4) Armour
 - Level 3.0(1.3) Dodging
 - Level 0.4(0.0) Stealth
 + Level 4.0(2.2) Invocations


You had 7 spell levels left.
You didn't know any spells.

Dungeon Overview and Level Annotations

Branches:
Dungeon (5/15)             Temple (1/1) D:4

Altars:
Cheibriados
Elyvilon
Fedhas
Nemelex Xobeh
Okawaru
Ru
Uskayaw
Vehumet
Xom
Zin
The Shining One

Annotations:
D:5 KristoblXynda's ghost, novice DrTm


Innate Abilities, Weirdness & Mutations

You have hooves in place of feet.
Armour fits poorly on your strangely shaped body.
You cover ground very quickly.
You have extremely tough skin. (AC +3)


Message History

Firing (i - inventory):
d - 10 bolts (quivered)
Press: ? - help, Shift-Dir - straight line, f/p - KristoblXynda's ghost
Aim: KristoblXynda's ghost (severely damaged, catching its breath)
You shoot a bolt.
The bolt closely misses KristoblXynda's ghost.
Your +2 spear of venom begins to drip with poison!
b - a +2 spear of venom (weapon)
KristoblXynda's ghost barely misses you.
You hit KristoblXynda's ghost. Your kick misses KristoblXynda's ghost.
KristoblXynda's ghost is almost destroyed.
KristoblXynda's ghost breathes negative energy at you.
The bolt of negative energy hits you!
You feel drained.
You barely miss KristoblXynda's ghost. Your kick misses KristoblXynda's ghost.
KristoblXynda's ghost is almost destroyed.
KristoblXynda's ghost hits you.
You miss KristoblXynda's ghost.
KristoblXynda's ghost is almost destroyed.
KristoblXynda's ghost breathes negative energy at you.
The bolt of negative energy hits you!
You feel drained.
You die...

### ### #.####.# #....#.#
#.##.#.# #......# ####.#.# ###
#.#.#
#######.###################.#.###
.........(.((()W@..).........))..
#.##....#######+##.########.#.###
(....##.# ...# #.......#
#.#...#.# .....####.###.#####
.>......# .......##............
........## .......##.#.####.####
#.#.#W#..##........##.#.#........
.....h.............##.#.#.#...###
##....##...## #+ #(##.#.#.#......


You could see KristoblXynda's ghost.

Vanquished Creatures
  Grinder (D:3)
  The ghost of KristoblXynda the Ruffian, an amateur DrSk (D:4)
  3 ogres
  A bullfrog (D:5)
  A scorpion (D:5)
  4 wights (D:5)
  2 bullfrog zombies (D:5)
  A centaur skeleton (D:4)
  An orc priest (D:3)
  2 orc wizards (D:4)
  2 worker ants (D:4)
  5 adders
  An ooze (D:4)
  3 adder skeletons (D:4)
  4 worms
  2 dart slugs
  3 leopard geckos
  13 orcs
  9 bats
  2 giant cockroaches
  2 goblins
  7 hobgoblins
  A jackal (D:5)
  2 quokkas
  5 frilled lizards (D:2)
  6 kobolds
  9 rats
93 creatures vanquished.

Notes
Turn   | Place    | Note
-------+----------+-------------------------------------------
     0 | D:1      | sveltemanboy the Centaur Hunter began the quest for the Orb.
     0 | D:1      | Reached XP level 1. HP: 17/17 MP: 1/1
   409 | D:1      | Reached XP level 2. HP: 16/24 MP: 2/2
   763 | D:2      | Reached skill level 5 in Crossbows
   763 | D:2      | Reached XP level 3. HP: 23/29 MP: 3/3
  1258 | D:2      | Found a faded altar of an unknown god.
  1445 | D:2      | Reached XP level 4. HP: 36/36 MP: 4/4
  1477 | D:2      | Found a hide-covered altar of Uskayaw.
  1550 | D:3      | Noticed an ogre
  1567 | D:3      | Killed an ogre
  1567 | D:3      | Reached skill level 1 in Armour
  1567 | D:3      | Reached XP level 5. HP: 41/41 MP: 5/5
  1658 | D:3      | Reached skill level 6 in Crossbows
  2074 | D:3      | Noticed Grinder
  2100 | D:3      | Killed Grinder
  2100 | D:3      | Reached XP level 6. HP: 38/48 MP: 6/6
  2259 | D:3      | Reached skill level 7 in Crossbows
  2608 | D:4      | Found a staircase to the Ecumenical Temple.
  2618 | Temple   | Entered the Ecumenical Temple
  2689 | Temple   | Became a worshipper of Warmaster Okawaru
  2987 | D:4      | Noticed KristoblXynda's ghost (amateur DrSk)
  3104 | D:4      | Reached skill level 1 in Invocations
  3139 | D:4      | Reached XP level 7. HP: 51/55 MP: 7/7
  3277 | D:4      | Found a blossoming altar of Fedhas.
  3527 | D:4      | Reached skill level 8 in Crossbows
  3549 | D:4      | Killed KristoblXynda's ghost
  3575 | D:5      | Entered Level 5 of the Dungeon
  3585 | D:5      | Reached * piety under Okawaru
  4031 | D:5      | Reached skill level 9 in Crossbows
  4031 | D:5      | Reached XP level 8. HP: 61/61 MP: 10/10
  4144 | D:5      | Reached skill level 1 in Polearms
  4289 | D:5      | Noticed KristoblXynda's ghost (novice DrTm)
  4319 | D:5      | Killed from afar by KristoblXynda's ghost

Vault maps used:
D:1:      elethiomel_arrival_maze
D:2:      marbit_many_paths, chequers_ecumenical_altar_island,
          minmay_hexomino_c4
D:3:      serial_bayou, serial_bayou_lagoon_a, serial_bayou_lake_a,
          serial_bayou_crossing, serial_bayou_shore_b, uniq_grinder
D:4:      serial_curves, eino_curves_03, eino_curves_01, eino_curves_01,
          eino_curves_03, fedhas_altar_fruit_tree
D:5:      first_bread, uniq_eustachio, uniq_crazy_yiuf_cottage, uniq_pikel
Temple:   dpeg_five_rooms_temple

Skill      XL: |  1  2  3  4  5  6  7  8 |
---------------+-------------------------+-----
Crossbows      | 5 6 7 9 |  9.4
Dodging        | 2 3 |  3.0
Armour         | 1 2 |  2.0
Invocations    | 1 3 4 |  4.0
Polearms       | 1 |  1.4
Fighting       | |  2.0
Stealth        | |  0.4

Action                   |  1- 3 |  4- 6 |  7- 9 || total
-------------------------+-------+-------+-------++-------
Melee: Short sword       |   112 |   127 |    86 ||   325
       Kick              |     9 |    29 |    27 ||    65
       Spear             |       |       |    19 ||    19
 Fire: Hand crossbow     |    25 |    42 |    76 ||   143
  Use: Scroll            |       |     1 |     5 ||     6
  Eat: Chunk             |     1 |     4 |     2 ||     7
Armor: Leather armour    |    24 |       |       ||    24
       Ring mail         |    21 |    47 |    28 ||    96
Dodge: Dodged            |    67 |    53 |    55 ||   175
